Map: Kairos Junction LE

Players

Booyakasha (Elazer)

  • Race: Zerg Zerg
  • League: Grandmaster
  • Spawn Location: 5:00

llIlIllIllII (Stephano)

  • Race: Zerg Zerg
  • League: Grandmaster
  • Spawn Location: 11:00

Special (Lambo)

  • Race: Zerg Zerg
  • League: Master

soul (SpeCial)

  • Race: Terran Terran
  • League: Master

Lambo (souL)

  • Race: Terran Terran
  • League: Master

Kelazhur

  • Race: Terran Terran
  • League: Master

VOD

Have the link to the VOD?

Description

Time

  • Played on: Dec. 2, 2018, 12:12 p.m.
  • Length: 12:45
Show
View Real Time Build Order
Export as new Build Order

Booyakasha Zerg 

Build Orders: Hatch First 

Get SALT Encoding   

  12  0:00  Drone  
  13  0:12  Overlord  
  13  0:17  Drone  
  14  0:30  Drone x2  
  16  0:48  Hatchery  
  15  0:50  Drone  
  15  0:54  Drone  
  17  0:57  Drone  
  18  1:09  Extractor  
  17  1:13  Spawning Pool  
  17  1:16  Drone  
  17  1:19  Drone  
  18  1:28  Drone  
  19  1:38  Drone  
  20  1:49  Drone  
  21  1:59  Queen x2  
  21  2:00  Zergling x2  
  21  2:01  Zergling x2  
  27  2:11  Overlord  
  27  2:12  Drone  
  28  2:21  Hatchery  
  27  2:25  Drone  
  28  2:32  Drone x2  
  28  2:35  Spore Crawler  
  28  2:40  Queen  
  28  2:44  Overlord  
  31  2:46  Drone  
  31  2:49  Metabolic Boost  
  32  2:54  Drone x2  
  34  2:58  Drone  
  35  3:07  Overlord  
  35  3:09  Drone x3  
  38  3:13  Drone  
  39  3:20  Drone, Overlord  
  39  3:22  Queen  
  42  3:28  Zergling x4  
  42  3:29  Drone  
  42  3:30  Drone  
  46  3:35  Queen  
  46  3:40  Drone x2  
  50  3:44  Drone  
  50  3:46  Drone  
  52  3:49  Overlord  
  52  3:50  Drone  
  52  3:52  Drone x2  
  52  3:54  Extractor  
  54  3:59  Drone  
  54  4:00  Queen  
  54  4:02  Drone  
  59  4:03  Drone  
  59  4:08  Queen  
  62  4:12  Zergling x2  
  62  4:13  Zergling x4  
  62  4:16  Drone x2  
  67  4:20  Drone x2  
  67  4:23  Drone  
  70  4:27  Zergling x6, Evolution Chamber x2  
  71  4:34  Spore Crawler  
  55  4:45  Drone x7  
  55  4:47  Drone  
  55  4:50  Drone x2  
  55  4:51  Drone  
  67  4:54  Drone x2  
  69  5:00  Drone x3  
  69  5:04  Zerg Ground Armor Level 1  
  72  5:10  Zerg Melee Weapons Level 1  
  72  5:11  Drone  
  73  5:16  Overlord  
  73  5:17  Overlord x2  
  73  5:19  Extractor  
  72  5:22  Extractor  
  72  5:23  Baneling Nest  
  72  5:27  Overlord  
  66  5:35  Drone x3  
  66  5:36  Drone x6  
  66  5:40  Lair  
  66  5:41  Drone  
  76  5:46  Drone x3  
  79  5:55  Drone x2  
  81  5:58  Drone x2  
  83  6:07  Extractor  
  83  6:09  Drone x2  
  83  6:10  Zergling x2, Drone  
  83  6:11  Zergling x8  
  89  6:16  Hatchery  
  89  6:19  Zergling x4  
  89  6:20  Hatchery  
  90  6:27  Spore Crawler  
  88  6:34  Zergling x12, Drone  
  95  6:41  Zergling x4  
  95  6:42  Baneling x5  
  97  6:49  Overlord x3  
  97  6:58  Overlord  
  97  7:04  Zerg Ground Armor Level 2, Zerg Melee Weapons Level 2  
  97  7:08  Overlord  
  96  7:09  Hatchery  
  96  7:10  Zergling x16  
  96  7:14  Extractor, Centrifical Hooks  
  96  7:15  Hydralisk Den  
  101  7:18  Drone x4  
  101  7:20  Drone x2  
  101  7:22  Drone  
  103  7:31  Zergling x8  
  103  7:32  Zergling x6  
  103  7:36  Baneling x2  
  106  7:37  Baneling x3  
  106  7:40  Queen  
  106  7:46  Muscular Augments, Hydralisk  
  106  7:47  Hydralisk  
  106  7:49  Hydralisk  
  112  7:52  Hydralisk  
  108  7:59  Hydralisk x3  
  108  8:05  Drone x4  
  118  8:06  Baneling x3  
  118  8:09  Zergling x4  
  118  8:10  Zergling x6  
  118  8:12  Zergling x4  
  124  8:13  Zergling x2  
  124  8:19  Zergling x6  
  128  8:21  Baneling x8  
  128  8:23  Zergling x4  
  130  8:27  Zergling x4  
  130  8:31  Infestation Pit  
  130  8:36  Drone x5  
  130  8:39  Drone x4  
  139  8:48  Drone x5, Burrow  
  144  8:53  Pneumatized Carapace  
  144  8:59  Hydralisk x3  
  144  9:02  Overlord x2  
  147  9:12  Overlord  
  144  9:18  Hydralisk x3, Spore Crawler  
  144  9:23  Overseer  
  145  9:24  Hatchery  
  137  9:33  Zergling x32  
  137  9:37  Hydralisk x2  
  146  9:38  Hatchery  
  146  9:43  Hive  
  136  9:46  Hydralisk x2  
  136  9:47  Hydralisk  
  136  9:49  Zergling x2  
  136  9:50  Zergling x6  
  144  9:55  Zerg Missile Weapons Level 1  
  144  9:56  Evolution Chamber  
  137  10:00  Overseer  
  137  10:02  Hydralisk x2  
  137  10:06  Zergling x8  
  142  10:09  Overlord x3  
  141  10:25  Overseer  
  141  10:26  Overseer  
  141  10:28  Zergling x26  
  142  10:31  Spore Crawler  
  152  10:38  Hydralisk x4  
  152  10:40  Overseer  
  158  10:45  Zergling x2  
  158  10:46  Zergling x16  
  158  10:47  Baneling x10  
  164  10:53  Queen  
  164  11:01  Hydralisk x3  
  164  11:03  Overlord x2  
  170  11:04  Drone x6  
  170  11:05  Drone x2  
  170  11:06  Extractor  
  177  11:15  Extractor  
  177  11:17  Drone x2  
  168  11:19  Drone x5  
  168  11:20  Drone  
  168  11:22  Extractor  
  168  11:23  Extractor  
  172  11:31  Spine Crawler x2  
  160  11:42  Zergling x30  
  168  11:51  Zergling x16  
  171  12:06  Hydralisk x7  
  165  12:10  Baneling x3  
  165  12:15  Zergling x14  
Show
View Real Time Build Order
Export as new Build Order

llIlIllIllII Zerg 

Build Orders:  

Get SALT Encoding   

  12  0:01  SCV  
  13  0:13  SCV  
  14  0:17  Supply Depot  
  14  0:25  SCV  
  15  0:39  SCV  
  15  0:40  Barracks  
  16  0:43  Refinery  
  16  0:51  SCV  
  17  1:03  SCV  
  18  1:15  SCV  
  19  1:27  Reaper  
  19  1:28  Orbital Command  
  20  1:39  Command Center  
  20  1:46  Supply Depot  
  20  1:53  SCV  
  21  1:59  Marine  
  22  2:04  Factory  
  22  2:06  SCV  
  23  2:12  Refinery  
  23  2:18  SCV  
  23  2:21  Barracks Reactor  
  24  2:31  SCV  
  25  2:43  SCV  
  26  2:49  Starport  
  25  2:51  Orbital Command  
  26  2:55  SCV  
  27  3:03  Hellion x2  
  27  3:04  Marine  
  32  3:07  SCV  
  33  3:18  SCV  
  33  3:19  SCV  
  35  3:27  Supply Depot, Widow Mine x2  
  35  3:28  Medivac  
  35  3:30  Barracks Tech Lab, SCV  
  35  3:31  SCV  
  43  3:42  SCV  
  43  3:43  SCV  
  45  3:49  Hellion x2  
  45  3:51  Supply Depot  
  45  3:54  SCV  
  51  3:55  SCV  
  51  4:05  Command Center  
  51  4:06  SCV  
  52  4:11  Raven  
  52  4:14  Barracks Tech Lab  
  54  4:17  SCV  
  54  4:21  SCV  
  56  4:30  SCV  
  57  4:31  Barracks  
  57  4:33  Barracks, SCV  
  57  4:35  Factory Reactor  
  58  4:42  Marine, SCV  
  58  4:43  Engineering Bay  
  58  4:44  Engineering Bay  
  58  4:45  SCV  
  57  4:46  Stimpack  
  52  4:54  SCV  
  52  4:57  SCV  
  54  5:04  Starport Reactor  
  54  5:05  Marine  
  54  5:06  SCV  
  55  5:09  SCV  
  55  5:12  Refinery  
  56  5:15  Refinery  
  56  5:18  Terran Infantry Armor Level 1, SCV  
  57  5:21  Barracks, Terran Infantry Weapons Level 1, SCV  
  57  5:22  Barracks  
  57  5:26  Orbital Command  
  58  5:30  SCV  
  58  5:31  Marine  
  58  5:32  Marine x3  
  58  5:33  SCV  
  64  5:41  Marine  
  64  5:42  SCV  
  66  5:43  Medivac  
  66  5:45  SCV  
  66  5:48  Medivac  
  66  5:49  Marine x2  
  72  5:54  SCV  
  74  5:57  Factory Reactor, Orbital Command  
  74  5:58  Marine  
  74  5:59  Supply Depot, Marine  
  74  6:00  Supply Depot  
  74  6:01  SCV  
  77  6:09  Barracks Tech Lab  
  77  6:11  Barracks Reactor  
  77  6:13  Barracks Reactor  
  77  6:15  Marine x3, SCV  
  77  6:16  Marine  
  77  6:18  SCV  
  83  6:23  Marine, SCV  
  85  6:27  SCV  
  85  6:28  Medivac x2  
  85  6:30  SCV  
  91  6:33  Marine x2  
  91  6:35  Marine x2, SCV  
  91  6:39  SCV  
  97  6:41  Marine  
  97  6:42  SCV  
  97  6:44  Supply Depot  
  97  6:45  Widow Mine  
  101  6:47  Combat Shield  
  101  6:57  Supply Depot, Refinery  
  101  7:02  Factory  
  101  7:05  Marine x4, SCV x2  
  101  7:06  Widow Mine  
  109  7:13  Armory  
  109  7:14  Supply Depot  
  109  7:18  Marine x5, SCV x3  
  109  7:22  Supply Depot  
  117  7:28  Marine  
  117  7:29  Marine  
  117  7:30  Marine x2  
  117  7:31  SCV x2  
  117  7:36  Medivac x2, Marine, Widow Mine, SCV  
  125  7:40  Supply Depot  
  125  7:43  Marine x4, SCV  
  125  7:44  Widow Mine  
  132  7:46  Marine  
  133  7:55  Marine  
  133  7:58  Marine x2, SCV  
  133  8:01  Marine x5  
  133  8:02  Widow Mine, SCV  
  133  8:03  Supply Depot, Terran Infantry Weapons Level 2, Terran Infantry Armor Level 2  
  133  8:05  SCV  
  141  8:11  Marine  
  139  8:13  Marine  
  139  8:16  Marine  
  139  8:17  Drilling Claws  
  140  8:20  Marine  
  140  8:25  Marine  
  142  8:27  Command Center  
  142  8:30  Marine x3  
  142  8:31  Marine  
  146  8:37  Widow Mine  
  146  8:39  Supply Depot  
  146  8:40  Supply Depot  
  148  8:45  Supply Depot  
  148  8:46  Supply Depot  
  148  8:47  Sensor Tower  
  148  8:56  Supply Depot, SCV  
  148  9:00  Barracks  
  148  9:01  Barracks, Medivac x2, Widow Mine x3, SCV x2  
  148  9:02  Marine x2  
  163  9:04  Barracks  
  163  9:07  Marine x2  
  163  9:08  SCV  
  164  9:13  Marine x2, SCV x2  
  164  9:14  Marauder, Marine x2  
  170  9:20  Marine x2  
  170  9:21  SCV  
  170  9:22  Widow Mine x3  
  170  9:23  Terran Vehicle And Ship Armor Level 1  
  173  9:25  SCV  
  173  9:29  Marine  
  161  9:31  SCV  
  161  9:33  SCV  
  148  9:38  Marine x2  
  148  9:39  Marine x6  
  148  9:44  Widow Mine x3  
  144  9:46  SCV  
  144  9:47  Marine x2  
  145  9:56  Barracks Tech Lab, Marine x4  
  145  9:57  Barracks Tech Lab, Marine x4  
  150  10:03  SCV  
  150  10:04  Marine  
  150  10:05  Widow Mine  
  150  10:06  Widow Mine x2  
  151  10:09  SCV  
  151  10:10  SCV  
  153  10:14  Marine x3  
  153  10:15  Marauder  
  153  10:16  Barracks Tech Lab, Marauder, Marine  
  153  10:18  SCV  
  161  10:24  Marauder, Marine x3  
  161  10:26  Widow Mine, SCV  
  161  10:27  Widow Mine x2  
  169  10:39  Marine x2  
  169  10:40  Marauder  
  169  10:41  Marine x3  
  169  10:42  Marine  
  167  10:46  SCV  
  167  10:47  SCV  
  167  10:48  Marauder  
  159  10:50  SCV  
  159  10:54  Marauder, Marine x2  
  159  10:56  Concussive Shells  
  153  10:57  Marine  
  153  10:59  SCV x2  
  153  11:02  Missile Turret  
  153  11:03  SCV  
  157  11:07  Marine  
  157  11:08  Marauder  
  157  11:09  Marine, Sensor Tower  
  160  11:11  Widow Mine  
  160  11:15  SCV x3  
  149  11:19  Medivac  
  149  11:22  Medivac  
  149  11:29  Marine  
  149  11:30  Marauder  
  140  11:33  SCV x2  
  140  11:34  Marine x2  
  138  11:41  Marauder, Marine x2  
  138  11:45  Unknown x2  
  138  11:46  Unknown x3, SCV  
  142  11:49  Marauder, Marine x3  
  142  11:50  SCV  
  142  11:51  SCV  
  142  11:53  Marine  
  150  11:57  Marauder  
  150  11:58  SCV  
  148  12:03  Unknown x5  
  84  12:32  Unknown  
Show
View Real Time Build Order
Export as new Build Order

Special Zerg 

Build Orders:  

Get SALT Encoding   

Show
View Real Time Build Order
Export as new Build Order

soul Terran 

Build Orders:  

Get SALT Encoding   

Show
View Real Time Build Order
Export as new Build Order

Lambo Terran 

Build Orders:  

Get SALT Encoding   

Show
View Real Time Build Order
Export as new Build Order

Kelazhur Terran 

Build Orders:  

Get SALT Encoding   

Tags
 
Add a new tag
Caveats
  • Supply blocks, unpowered buildings, or Contaminate may cause inaccurate times.
  • Supply counts are checked every 10 seconds.